 Dungeon Crawl Stone Soup version 0.26.1-16-g4e020e15dc (webtiles) character file.

Game seed: 5335170720355447732

67 Froggeryz the Ruffian (level 4, -7/34 HPs)
             Began as a Barachi Gladiator on Feb 7, 2023.
             Killed from afar by an orc wizard (8 damage)
             ... with a magic dart
             ... on level 3 of the Dungeon.
             The game lasted 00:01:41 (2101 turns).

Froggeryz the Ruffian (Barachi Gladiator)           Turns: 2101, Time: 00:01:42

Health: -7/34      AC:  6    Str: 16    XL:     4   Next: 18%
Magic:  4/4        EV: 13    Int:  9    God:
Gold:   142        SH:  0    Dex: 13    Spells: 3/3 levels left

rFire    . . .     SeeInvis .     - Unarmed
rCold    . . .     Faith    .   (no shield)
rNeg     . . .     Spirit   .   a - +0 leather armour
rPois    .         Reflect  .   b - +0 helmet
rElec    .         Harm     .   e - +0 cloak (curse)
rCorr    .         Rampage  .   (no gloves)
Will     .....                  d - +0 pair of boots
Stlth    +.........             (no amulet)
HPRegen  0.11/turn              (no ring)
MPRegen  0.09/turn              (no ring)

@: slow
A: +LOS, swims, slowness 1, strong legs 1
a: Hop


You were on level 3 of the Dungeon.
You visited 1 branch of the dungeon, and saw 3 of its levels.

You collected 142 gold pieces.

Inventory:

Missiles
 c - 3 throwing nets (quivered)
 l - 6 javelins
Armour
 a - a +0 leather armour (worn)
 b - a +0 helmet (worn)
 d - a +0 pair of boots (worn)
 e - a cursed +0 cloak (worn)
 o - a scarf of invisibility
Scrolls
 f - 2 scrolls of teleportation {unknown}
 h - a scroll of amnesia {unknown}
 j - a scroll of enchant armour {unknown}
 k - 3 scrolls of identify {unknown}
 m - 2 scrolls of remove curse {unknown}
 n - a scroll of immolation {unknown}


   Skills:
 - Level 2.4 Fighting
 - Level 2.0 Throwing
 + Level 2.2 Armour
 - Level 3.2 Dodging
 * Level 4.8 Unarmed Combat


You had 3 spell levels left.
You didn't know any spells.
Your spell library was empty.

Dungeon Overview and Level Annotations

Branches:
Dungeon (3/15)

Altars:


Innate Abilities, Weirdness & Mutations

You can be seen from farther away. (+LOS)
You can swim through water.
You cover ground slowly.
You can hop short distances.


Message History

The orc wizard hits you with a +0 dagger.
You punch the orc wizard! Your punch misses the orc wizard.
The orc wizard is heavily wounded.
The orc wizard hits you but does no damage.
You closely miss the orc wizard.
The orc wizard is heavily wounded.
The orc wizard hits you but does no damage.
The orc priest mumbles some strange prayers to Beogh against you.
Beogh smites you!
* * * LOW HITPOINT WARNING * * *
It was a potion of magic.
Magic courses through your body. The orc wizard closely misses you.
The orc wizard hits you with a +0 dagger.
* * * LOW HITPOINT WARNING * * *
As you read the scroll labelled BAXIME YFOESM, it crumbles to dust.
You feel aware of your surroundings.
You sensed 1 altar.
It was a scroll of magic mapping.
The orc wizard gestures at you while chanting.
The magic dart hits you!
You die...

*,** *,<..* #.##.# #### *,*
***#.* #.##.###### *,* #.*
#.##....... *+** #.* #.#########
,,,** #.* #.# # ,,,,** ***#.*
#.### ## ,,,,,** ##,*#.* #.#.##
##.
,,,,,,*###...#.########....####..
,,,,,,+.......oo@.....)......['..
,,,,,,*###....K##.##.......####..
,,,,,** ##.#..*#.##.####..# ##.
,,,,** #*#..*#.##)# #..# ##
,,,******** #..*#.##.####..# #
*,>,,,,,,,* #..*#.##.#.....#
*,,******,* #..,..##.#.###.# *,,*
*,* ##.*####.#.# #.# *,,*
****,***#.* #.#.###.###


You could see an orc priest, an orc wizard (fast) and a kobold.

Vanquished Creatures
  2 oozes (D:2)
  A worm (D:2)
  2 dart slugs
  3 leopard geckos (D:1)
  3 orcs (D:3)
  5 giant cockroaches
  5 goblins
  3 hobgoblins
  7 bats
  6 frilled lizards
  3 kobolds
  9 rats
49 creatures vanquished.

Notes
Turn   | Place    | Note
-------+----------+-------------------------------------------
     0 | D:1      | Froggeryz the Barachi Gladiator began the quest for the
                  | Orb.
     0 | D:1      | Reached XP level 1. HP: 17/17 MP: 1/1
    46 | D:1      | Reached skill level 1 in Armour
    46 | D:1      | Reached XP level 2. HP: 14/23 MP: 2/2
   279 | D:1      | Reached skill level 4 in Unarmed Combat
   520 | D:1      | Reached XP level 3. HP: 28/28 MP: 3/3
  1517 | D:2      | Found a faded altar of an unknown god.
  1724 | D:2      | Reached XP level 4. HP: 34/34 MP: 4/4
  2100 | D:3      | HP: 1/34 [orc wizard/+0 dagger (1)]
  2101 | D:3      | Killed from afar by an orc wizard

Illustrated notes

Levels and vault maps discovered:
D:1:      lemuel_arrival_muddy, layout_loops_cross
D:2:      layout_loops_cross, chequers_ecumenical_altar_grove
D:3:      layout_loops_corners, general_overflow_altar, uniq_terence

Skill      XL: |  1  2  3 |
---------------+----------+-----
Armour         | 1 2 |  2.2
Unarmed Combat | 4 |  4.8
Fighting       | |  2.4
Throwing       | |  2.0
Dodging        | |  3.2

Action                   |  1- 3 |  4- 6 || total
-------------------------+-------+-------++-------
Melee: Unarmed           |   124 |    46 ||   170
       Punch             |     3 |     1 ||     4
  Use: Scroll            |     1 |     1 ||     2
       Potion            |       |     1 ||     1
 Stab: Sleeping          |     1 |       ||     1
Armor: Leather armour    |    42 |    10 ||    52
Dodge: Dodged            |    76 |    31 ||   107
